 Dungeon Crawl Stone Soup version 0.28-a0-413-gde365fb1df (webtiles) character file.

Game seed: 6805360231494713474

321542 dankmaymays the Blocker (level 20, -8/176 HPs)
             Began as a Demonspawn Ice Elementalist on Sept 4, 2021.
             Was the Champion of Sif Muna.
             Mangled by a vampire knight (9 damage)
             ... while paralysed by a vampire knight
             ... on level 2 of the Vaults on Sept 8, 2021.
             The game lasted 02:35:44 (43707 turns).

dankmaymays the Blocker (DsIE)                     Turns: 43707, Time: 02:35:45

Health: -8/176     AC: 27    Str: 12    XL:     20   Next: 65%
Magic:  0/36       EV:  2    Int: 34    God:    Sif Muna [******]
Gold:   3957       SH:  0    Dex: 13    Spells: 12/43 levels left

rFire   + . .      SeeInvis .   F - staff of cold
rCold   + + .      Faith    .   I - +8 kite shield "Paeshrit" {rElec Stlth+}
rNeg    . . .      Spirit   +   d - +0 steam dragon scales
rPois   .          Reflect  .   Q - +2 helmet {Int+3}
rElec   +          Harm     .   P - scarf {rC+ rF+}
rCorr   .          Rampage  .   (gloves unavailable)
Will    +....                   a - +2 pair of boots
Stlth   +++.......              B - amulet of regeneration
HPRegen 1.39/turn               E - ring of flight
MPRegen 0.50/turn               C - +6 ring of intelligence

@: paralysed, ice-armoured, channelling, flying
A: claws 3, yellow scales 2, powered by death 3, robust 2, magic shield, magic
regeneration, strong 1, sturdy frame 1
}: 2/15 runes: barnacled, gossamer
a: Renounce Religion, Channel Magic, Forget Spell, Divine Exegesis


You were on level 2 of the Vaults.
You worshipped Sif Muna.
Sif Muna was exalted by your worship.
You visited 7 branches of the dungeon, and saw 34 of its levels.
You visited the Abyss 1 time.
You also visited: Sewer, Ossuary, Bailey and Ice Cave.

You collected 4192 gold pieces.
You spent 235 gold pieces at shops.

Inventory:

Hand Weapons
 j - a +0 dagger of electrocution
Missiles
 e - 12 throwing nets
 H - 3 curare-tipped darts
Armour
 a - a +2 pair of boots (worn)
 d - +0 steam dragon scales (worn)
 g - +0 acid dragon scales
 w - the +2 pair of boots of Too Many Cooks {rElec rF- Regen+ Slay+4}
   (You acquired it on level 2 of the Spider Nest)

   Slay:      It affects your accuracy & damage with ranged weapons and melee
   (+4).
   rF:        It makes you vulnerable to fire.
   rElec:     It insulates you from electricity.
   Regen:     It increases your rate of health regeneration.
 I - the +8 kite shield "Paeshrit" (worn) {rElec Stlth+}
   (You took it off Donald on level 3 of the Shoals)

   rElec:     It insulates you from electricity.
   Stlth:     It makes you more stealthy.
 P - a scarf of resistance (worn)
 Q - a +2 helmet of intelligence (worn)
Magical Staves
 F - a staff of cold (weapon)
Jewellery
 q - the ring of Imoarrer {rF+ rC++ Will+ rCorr Str-4}
   (You acquired it on level 1 of the Vaults)

   [ring of resist corrosion]

   Str:       It affects your strength (-4).
   rF:        It protects you from fire.
   rC:        It greatly protects you from cold.
   rCorr:     It protects you from acid and corrosion.
   Will:      It increases your willpower.
 B - an amulet of regeneration (around neck)
 C - a +6 ring of intelligence (right claw)
 E - a ring of flight (left claw)
 L - an amulet of faith
Wands
 k - a wand of digging (8)
 v - a wand of mindburst (19)
 D - a wand of paralysis (12)
 W - a wand of acid (3)
 X - a wand of iceblast (17)
 Y - a wand of charming (26)
Scrolls
 b - 2 scrolls of summoning
 f - 12 scrolls of teleportation
 l - 4 scrolls of blinking
 m - 3 scrolls of vulnerability
 n - 15 scrolls of identify
 s - 2 scrolls of brand weapon
 u - 7 scrolls of enchant weapon
 x - 5 scrolls of fear
 y - a scroll of holy word
 G - 5 scrolls of magic mapping
 O - 4 scrolls of torment
 V - 5 scrolls of fog
Potions
 c - 2 potions of resistance
 h - a potion of might
 o - 2 potions of lignification
 p - 2 potions of magic
 r - 9 potions of curing
 t - 5 potions of haste
 z - 7 potions of flight
 A - 3 potions of cancellation
 M - 3 potions of mutation
 N - 5 potions of heal wounds
 R - 5 potions of ambrosia
 T - 5 potions of brilliance
 U - a potion of invisibility
Miscellaneous
 i - a box of beasts
 J - a condenser vane
 K - a tin of tremorstones (2/2)
 S - a phial of floods
 Z - a tin of tremorstones (2/2)


   Skills:
 - Level 10.1 Fighting
 - Level 12.0 Staves
 - Level 2.8 Armour
 - Level 10.0 Dodging
 - Level 1.7 Stealth
 + Level 13.5 Shields
 - Level 12.2 Spellcasting
 - Level 13.0 Conjurations
 - Level 8.0 Necromancy
 - Level 8.0 Fire Magic
 - Level 12.8 Ice Magic
 - Level 5.0 Air Magic
 - Level 8.0 Earth Magic
 - Level 10.5 Invocations
 - Level 7.8 Evocations


You had 12 spell levels left.
You knew the following spells:

 Your Spells              Type           Power      Damage    Failure   Level
a - Hailstorm             Conj/Ice       100%       3d20      1%          4
b - Frozen Ramparts       Ice            100%       1d12      1%          3
c - Flame Wave            Conj/Fire      75%        3d13      1%          4
d - Borgnjor's Vile Clut  Necr/Erth      33%        N/A       2%          5
e - Magic Dart            Conj           100%       1d8       0%          1
f - Freeze                Ice            100%       1d11      0%          1
g - Iskenderun's Battles  Conj           83%        2d13      1%          5
t - Freezing Cloud        Conj/Ice/Air   47%        6-21      1%          5
x - Ozocubu's Armour      Ice            100%       N/A       1%          3

Your spell library contained the following spells:

 Spells                   Type           Power      Damage    Failure   Level
 Animate Skeleton         Necr           100%       N/A       1%          1
 Foxfire                  Conj/Fire      100%       2x1d9     1%          1
 Pain                     Necr           100%       1d9       1%          1
 Sandblast                Erth           100%       2d20      1%          1
 Shock                    Conj/Air       100%       1d9       1%          1
 Corpse Rot               Necr/Air       N/A        N/A       1%          2
 Ensorcelled Hibernation  Hex/Ice        100%       N/A       1%          2
 Passwall                 Tmut/Erth      40%        N/A       1%          2
 Scorch                   Fire           100%       2d10      1%          2
 Searing Ray              Conj           100%       2d8       1%          2
 Static Discharge         Conj/Air       70%        N/A       1%          2
 Sublimation of Blood     Necr           33%        N/A       1%          2
 Conjure Flame            Conj/Fire      75%        6-21      1%          3
 Inner Flame              Hex/Fire       48%        N/A       1%          3
 Mephitic Cloud           Conj/Pois/Air  57%        N/A       1%          3
 Stone Arrow              Conj/Erth      100%       3d13      1%          3
 Swiftness                Air            53%        N/A       1%          3
 Vampiric Draining        Necr           33%        2d10      1%          3
 Animate Dead             Necr           33%        N/A       1%          4
 Dispel Undead            Necr           66%        3d23      1%          4
 Fulminant Prism          Conj/Hex       30%        3d16      1%          4
 Ice Form                 Ice/Tmut       77%        N/A       1%          4
 Iskenderun's Mystic Bla  Conj/Tloc      60%        2d13      1%          4
 Sticky Flame             Conj/Fire      75%        2d9       1%          4
 Summon Ice Beast         Ice/Summ       77%        N/A       1%          4
 Fireball                 Conj/Fire      37%        3d15      1%          5
 Lightning Bolt           Conj/Air       35%        1d53      1%          5
 Beastly Appendage        Tmut           40%        N/A       2%          1
 Corona                   Hex            20%        N/A       2%          1
 Ignite Poison            Fire/Tmut/Pois 38%        N/A       2%          3
 Agony                    Necr           66%        N/A       2%          5
 Excruciating Wounds      Necr           33%        N/A       2%          5
 Lee's Rapid Deconstruct  Erth           33%        3d18*     2%          5
 Blink                    Tloc           N/A        N/A       3%          2
 Slow                     Hex            20%        N/A       3%          2
 Wereblood                Tmut           20%        N/A       3%          2
 Airstrike                Air            26%        N/A       3%          4
 Animate Armour           Summ/Erth      96%        N/A       4%          4
 Leda's Liquefaction      Hex/Erth       24%        N/A       4%          4
 Petrify                  Tmut/Erth      48%        N/A       4%          4
 Irradiate                Conj/Tmut      30%        3d23      4%          5
 Metabolic Englaciation   Hex/Ice        38%        N/A       4%          5
 Iron Shot                Conj/Erth      37%        9d7       5%          6
 Simulacrum               Ice/Necr       47%        N/A       5%          6
 Starburst                Conj/Fire      37%        6d11      5%          6
 Call Canine Familiar     Summ           20%        N/A       8%          3
 Confusing Touch          Hex            20%        N/A       8%          3
 Lesser Beckoning         Tloc           20%        N/A       8%          3
 Portal Projectile        Hex/Tloc       40%        N/A       8%          3
 Tukima's Dance           Hex            20%        N/A       8%          3
 Summon Lightning Spire   Summ/Air       37%        N/A       9%          4
 Conjure Ball Lightning   Conj/Air       35%        3x3d11    10%         6
 Orb of Destruction       Conj           41%        9d14      11%         7
 Ozocubu's Refrigeration  Ice            52%        4d15      11%         7
 Death Channel            Necr           33%        N/A       14%         6
 Cause Fear               Hex            10%        N/A       26%         4
 Passage of Golubria      Tloc           N/A        N/A       26%         4
 Manifold Assault         Tloc           20%        N/A       56%         5
 Summon Forest            Summ/Tloc      10%        N/A       56%         5
 Summon Mana Viper        Hex/Summ       20%        N/A       56%         5
 Statue Form              Tmut/Erth      32%        N/A       58%         6
 Lehudib's Crystal Spear  Conj/Erth      37%        10d9      92%         8
 Eringya's Noxious Bog    Tmut/Pois      10%        N/A       98%         6
 Invisibility             Hex            10%        N/A       98%         6
 Haunt                    Necr/Summ      24%        N/A       99%         7
 Borgnjor's Revivificati  Necr           33%        N/A       99%         8
 Ignition                 Fire           33%        3d10      99%         8
 Infestation              Necr           33%        N/A       99%         8
 Monstrous Menagerie      Summ           10%        N/A       100%        7
 Storm Form               Tmut/Air       18%        N/A       100%        7
 Summon Hydra             Summ           10%        N/A       100%        7
 Maxwell's Capacitive Co  Air            26%        ∞         100%        8
 Necromutation            Tmut/Necr      24%        N/A       100%        8
 Chain Lightning          Conj/Air       35%        3d46      100%        9
 Death's Door             Necr           33%        N/A       100%        9
 Fire Storm               Conj/Fire      37%        8d10      100%        9
 Shatter                  Erth           33%        3d27*     100%        9


Dungeon Overview and Level Annotations

Branches:
Dungeon (15/15)            Temple (1/1) D:5            Lair (6/6) D:9
 Shoals (4/4) Lair:3       Spider (4/4) Lair:4        Slime (0/5) Lair:5
    Orc (2/2) D:11            Elf (0/3) Orc:2        Vaults (2/5) D:13
 Depths (0/5) D:15          Sewer (visited)         Ossuary (visited)
 Bailey (visited)           IceCv (visited)
  Crypt: Vaults:2-3

Altars:
Ashenzari
Cheibriados
Dithmenos
Fedhas
Gozag
Hepliaklqana
Kikubaaqudgha
Makhleb
Nemelex Xobeh
Qazlal
Ru
Sif Muna
Uskayaw
Vehumet
Xom
Yredelemnul
Zin
The Shining One
Beogh
Jiyva

Shops:
D:1 ?   D:4 *   D:11 ?   D:14 (   Orc:2 *((   Shoals:3 !

Portals:
Abyss: Orc:2

Annotations:
Lair:5 1 runed translucent door
Spider:4 1 runed translucent door, bmj180's ghost, adept DrCj
Orc:2 2 transporters, sanka's ghost, journeyman PaAK


Innate Abilities, Weirdness & Mutations

You have claws for hands.
You are mostly covered in yellow scales. (AC +3)
You regenerate a lot of health from kills.
You are very robust. (+20% HP)
When hurt, damage is shared between your health and your magic reserves.
You regenerate magic rapidly.
Your muscles are strong. (Str +2)
Your movements are slightly less encumbered by armour. (ER -2)


Message History

Casting: Flame Wave (safe; 1% risk of failure)
Confirm with . or Enter, or press ? or * to list all spells.
Casting: Flame Wave (safe; 1% risk of failure)
Press: ? - help, Dir - look around, f - activate A wave of flame ripples out!
The flame wave engulfs something. (Press . to intensify the flame waves.)
Something draws life force from you!!
* * * LOW HITPOINT WARNING * * *
A wave of flame ripples out!
The flame wave engulfs something!!
You hear some strange, mumbled words.
Something tries to affect you, but you resist.
Something barely misses you. Something bites you but does no damage.
A wave of flame ripples out!
The flame wave engulfs something.
You finish channelling waves of flame.
Something hits you!
* * * LOW HITPOINT WARNING * * *
Something barely misses you.
Casting: Flame Wave (safe; 1% risk of failure)
Confirm with . or Enter, or press ? or * to list all spells.
Casting: Flame Wave (safe; 1% risk of failure)
Press: ? - help, Dir - look around, f - activate A wave of flame ripples out!
The flame wave engulfs something but does no damage. (Press . to intensify the flame waves.)
Something barely misses you. x2
You hear some strange, mumbled words.
You suddenly lose the ability to move!
Something hits you!!
* * * LOW HITPOINT WARNING * * *
Something bites you but does no damage. Something draws life force from you!
* * * LOW HITPOINT WARNING * * *
Something hits you. Something bites you but does no damage.
Something hits you!!
* * * LOW HITPOINT WARNING * * *
Something bites you but does no damage.
You hear some strange, mumbled words.
You shrug off the repeated paralysis!
Something hits you!
* * * LOW HITPOINT WARNING * * *
Something bites you!
You die...

##.....###.........#
#.......##.........#
#.......##.........#
#......[###'###)#####
#.....)))............
#.....).#............
##.....##............
##...###............
##@## #............
#{# #............ .).
#............ .....
'............ ..###§§
+..# #§§# #.. §.# #..
..#


There were no monsters in sight!

Vanquished Creatures
  Mara (Shoals:3)
  Arachne (Spider:3)
  Rupert (Lair:3)
  Jorgrun (D:13)
  Asterion (Vaults:2)
  Polyphemus (Shoals:2)
  A tengu reaver (Vaults:2)
  Donald (Shoals:3)
  Ilsuiw (Shoals:2)
  A storm dragon (Shoals:4)
  9 emperor scorpions
  2 frost giants
  Aizul (Shoals:3)
  A cacodemon (Abyss:3)
  7 ghost moths
  5 vault wardens
  2 orc warlords
  Louise (Shoals:3)
  A spriggan defender (Vaults:2)
  4 ironbound preservers
  Nessos (D:13)
  2 entropy weavers
  3 dire elephants (Vaults:1)
  2 merfolk javelineers (Shoals:2)
  An ettin (Abyss:3)
  A fire dragon (Lair:6)
  12 merfolk impalers
  2 ironbound thunderhulks (Vaults:2)
  3 yaktaur captains
  3 vault guards (Vaults:1)
  An ice dragon (D:13)
  3 merfolk avatars
  A death knight (D:11)
  7 boulder beetles
  4 ironbound frosthearts
  4 catoblepae
  9 hydras
  3 merfolk aquamancers
  4 satyrs
  4 centaur warriors
  14 death yaks
  5 two-headed ogres
  Urug (Lair:2)
  6 tengu warriors
  3 orc high priests (Orc:2)
  An ironbound beastmaster (Vaults:1)
  A fire crab (shapeshifter) (D:14)
  Sonja (Lair:3)
  3 wretched stars (Abyss:3)
  4 skeletal warriors (D:14)
  10 deep trolls
  12 sea snakes
  2 sixfirhies (Abyss:3)
  A flayed ghost (Vaults:2)
  3 wizards (Vaults:1)
  3 ironbound convokers
  3 lindwurms (Lair:6)
  27 harpies
  A phantasmal warrior (D:13)
  5 orc sorcerers
  A deep elf pyromancer (D:15)
  11 orc knights
  21 orb spiders
  20 ugly things
  27 wolf spiders
  27 manticores
  2 oklob plants
  21 fauns
  10 cyclopes
  3 moths of wrath (Spider:3)
  6 black mambas
  10 water nymphs
  4 elephants (Lair:6)
  9 merfolk sirens
  A vault sentinel (Vaults:2)
  An ice statue (IceCv)
  3 smoke demons (Abyss:3)
  10 torpor snails
  An orange demon (Abyss:3)
  2 gargoyles (D:11)
  12 cane toads
  An efreet (D:15)
  A rime drake (Lair:4)
  5 komodo dragons
  3 unseen horrors
  17 demonic crawlers
  A red devil (Abyss:3)
  20 yaktaurs
  22 polar bears
  3 ancient zymes (Abyss:3)
  9 trolls
  A silent spectre (Abyss:3)
  A polar bear (shapeshifter) (D:13)
  A meliai (shapeshifter) (D:14)
  Grinder (D:3)
  21 merfolk
  3 meliai (D:13)
  Prince Ribbit (D:6)
  30 jumping spiders
  19 slime creatures
  3 tyrant leeches (Lair:6)
  11 snapping turtles
  10 hornets
  12 wind drakes
  9 dream sheep
  5 blink frogs (Lair:5)
  A raiju (Lair:6)
  2 meliai zombies
  Sigmund (D:3)
  2 vampires
  3 wraiths
  31 tarantellas
  7 air elementals (Shoals:4)
  A centaur simulacrum (D:14)
  78 redbacks
  78 yaks
  29 water elementals
  2 ynoxinuls (Abyss:3)
  6 basilisks
  3 wyverns
  A neqoxec (Abyss:3)
  A golden eye (shapeshifter) (D:13)
  4 vampire mosquitoes
  2 steam dragons
  3 small abominations (Abyss:3)
  8 large abominations (Abyss:3)
  9 wargs
  Edmund (D:4)
  Menkaure (D:6)
  12 water moccasins
  Duvessa (D:5)
  5 acid dragons
  16 hell hounds (Lair:6)
  2 ice beasts
  35 orc warriors
  3 sky beasts
  13 black bears
  3 boggarts (Vaults:1)
  A necrophage (D:4)
  14 ogres
  10 centaurs
  43 wolves
  A phantom (D:5)
  11 bullfrogs
  Blork the orc (D:5)
  A gnoll sergeant (Orc:2)
  12 scorpions
  A water moccasin zombie (D:6)
  2 wyvern skeletons (D:7)
  Dowan (D:5)
  A water moccasin skeleton (D:5)
  4 killer bees (D:9)
  4 wights
  7 electric eels
  2 howler monkeys
  5 centaur zombies
  7 starcursed masses (Abyss:3)
  7 crimson imps (D:13)
  A lava snake (D:12)
  15 orc priests
  A hound (D:6)
  5 jellies
  Crazy Yiuf (D:5)
  2 human zombies (Ossuary)
  3 iguanas
  5 scorpion zombies (Ossuary)
  A gnoll shaman (D:7)
  16 orc wizards
  3 mummies (Ossuary)
  A howler monkey zombie (D:9)
  10 adders
  25 gnolls
  A howler monkey skeleton (D:7)
  A river rat (D:6)
  A shadow imp (D:13)
  5 white imps
  3 ufetubi
  An adder skeleton (D:5)
  6 worms
  3 dart slugs
  95 orcs
  12 endoplasms
  4 giant cockroaches
  4 gnoll zombies (Ossuary)
  32 goblins
  18 hobgoblins
  7 jackals
  7 kobolds
  5 quokkas
  12 ball pythons
  7 bats
  4 frilled lizards
  2 goblin zombies (Ossuary)
  3 kobold zombies (Ossuary)
  3 orc zombies (Ossuary)
  29 rats
  9 bushes
  15 butterflies (Vaults:1)
  A lurking horror (Abyss:3)
1509 creatures vanquished.

Vanquished Creatures (collateral kills)
  An orb spider (Spider:2)
  A tarantella (Spider:2)
2 creatures vanquished.

Vanquished Creatures (others)
  A centaur warrior (Vaults:1)
  A merfolk siren (Shoals:2)
  A water elemental (Shoals:4)
  A wight (D:9)
  An orc wizard (Orc:2)
  34 fungi
  232 plants
  9 toadstools (Lair:5)
280 creatures vanquished.

Grand Total: 1791 creatures vanquished

Notes
Turn   | Place    | Note
-------+----------+-------------------------------------------
     0 | D:1      | dankmaymays the Demonspawn Ice Elementalist began the quest
                  | for the Orb.
     0 | D:1      | Reached XP level 1. HP: 13/13 MP: 3/3
   122 | D:1      | Found Omuawip's Magic Scroll Shoppe.
   273 | D:1      | Found a faded altar of an unknown god.
   408 | D:1      | Gained mutation: You are partially covered in yellow
                  | scales. (AC +2) [demonic ancestry]
   408 | D:1      | Reached XP level 2. HP: 19/19 MP: 0/5
  1268 | D:2      | Gained mutation: You have sharp fingernails. [demonic
                  | ancestry]
  1268 | D:2      | Reached XP level 3. HP: 24/24 MP: 4/7
  1506 | D:2      | Learned a level 3 spell: Frozen Ramparts
  1510 | D:2      | Learned a level 3 spell: Ozocubu's Armour
  2322 | D:3      | Reached XP level 4. HP: 27/30 MP: 2/9
  2429 | D:3      | Noticed Grinder
  2429 | D:3      | Paralysed by Grinder for 7 turns
  2451 | D:3      | HP: 1/30 [Grinder (3)]
  2456 | D:3      | Paralysed by Grinder for 2 turns
  2485 | D:3      | Paralysed by Grinder for 5 turns
  2493 | D:3      | Killed Grinder
  2494 | D:3      | Reached skill level 5 in Ice Magic
  2494 | D:3      | Gained mutation: You have very sharp fingernails. [demonic
                  | ancestry]
  2494 | D:3      | Reached XP level 5. HP: 10/35 MP: 9/11
  2494 | D:3      | Reached XP level 6. HP: 11/41 MP: 9/12
  2784 | D:3      | Noticed Sigmund
  2804 | D:3      | Killed Sigmund
  2805 | D:3      | Reached skill level 5 in Spellcasting
  3568 | D:4      | Found Acics's Neck Hole.
  3571 | D:4      | Bought a +0 cloak for 45 gold pieces
  3626 | D:4      | Found a sand-covered staircase.
  3642 | D:4      | Reached XP level 7. HP: 43/46 MP: 8/14
  3750 | Ossuary  | Entered an ossuary
  3899 | Ossuary  | Learned a level 4 spell: Hailstorm
  3941 | Ossuary  | Reached skill level 1 in Conjurations
  4361 | Ossuary  | Reached XP level 8. HP: 31/52 MP: 4/17
  5627 | D:4      | Noticed Edmund
  5633 | D:4      | Killed Edmund
  5948 | D:5      | Entered Level 5 of the Dungeon
  5990 | D:5      | Reached skill level 5 in Conjurations
  5990 | D:5      | Noticed Dowan
  5995 | D:5      | Killed Dowan
  6212 | D:5      | Reached XP level 9. HP: 33/57 MP: 8/18
  6448 | D:5      | Found a radiant altar of Vehumet.
  6560 | D:5      | Noticed Duvessa
  6574 | D:5      | Killed Duvessa
  6942 | D:5      | Learned a level 4 spell: Flame Wave
  6963 | D:5      | Found a staircase to the Ecumenical Temple.
  6974 | Temple   | Entered the Ecumenical Temple
  7106 | Temple   | Became a worshipper of Sif Muna the Loreminder
  7584 | D:5      | Reached skill level 1 in Fighting
  7584 | D:5      | Reached skill level 1 in Fire Magic
  8092 | D:5      | Found a runed translucent door.
  8093 | D:5      | Noticed Crazy Yiuf
  8099 | D:5      | Killed Crazy Yiuf
  8147 | D:5      | Noticed Blork the orc
  8152 | D:5      | Killed Blork the orc
  8683 | D:6      | Noticed Menkaure
  8688 | D:6      | Killed Menkaure
  8728 | D:6      | Found a glowing drain.
  8739 | D:6      | Reached * piety under Sif Muna
  8744 | Sewer    | Entered a sewer
  9493 | D:6      | Reached ** piety under Sif Muna
  9809 | D:6      | Noticed Prince Ribbit
  9819 | D:6      | Killed Prince Ribbit
  9920 | D:6      | Reached skill level 5 in Fire Magic
 10441 | D:6      | Learned a level 3 spell: Conjure Flame
 10457 | D:7      | Noticed a troll
 10471 | D:7      | Killed a troll
 10472 | D:7      | Gained mutation: You regenerate a little health from kills.
                  | [demonic ancestry]
 10472 | D:7      | Reached XP level 10. HP: 56/66 MP: 6/19
 10490 | D:7      | Noticed a manticore
 10497 | D:7      | Killed a manticore
 10845 | D:7      | Reached skill level 1 in Evocations
 10855 | D:7      | Reached skill level 1 in Staves
 10866 | D:7      | Got the Tome of Stones
 10878 | D:7      | Found a shimmering altar of Xom.
 10884 | D:7      | Identified a scroll of acquirement
 10884 | D:7      | Acquired a +2 buckler of protection
 10960 | D:7      | Reached skill level 1 in Shields
 11371 | D:7      | Reached *** piety under Sif Muna
 11417 | D:7      | Reached skill level 5 in Fighting
 11417 | D:7      | Gained mutation: You regenerate magic rapidly. [demonic
                  | ancestry]
 11417 | D:7      | Reached XP level 11. HP: 80/80 MP: 20/20
 11804 | D:7      | Found a blossoming altar of Fedhas.
 11855 | D:7      | Noticed an oklob plant
 11931 | D:7      | Killed an oklob plant
 11932 | D:7      | Reached skill level 1 in Armour
 12145 | D:7      | Reached skill level 5 in Evocations
 13054 | D:9      | You are sucked into a shaft and drop 2 floors!
 13081 | D:11     | Acquired a +2 helmet of intelligence
 13214 | D:10     | Entered Level 10 of the Dungeon
 13293 | D:9      | Found a flagged portal.
 13296 | D:9      | Reached **** piety under Sif Muna
 13312 | Bailey   | Entered a bailey
 13514 | Bailey   | Reached XP level 12. HP: 86/86 MP: 21/21
 13559 | Bailey   | Noticed an orc warlord
 13570 | Bailey   | Killed an orc warlord
 13786 | D:9      | Noticed a tengu warrior
 13795 | D:9      | Killed a tengu warrior
 13795 | D:9      | Reached ***** piety under Sif Muna
 13991 | D:9      | Found a shadowy altar of Dithmenos.
 14112 | D:9      | Found a staircase to the Lair.
 14147 | D:9      | Received a gift from Sif Muna
 14287 | D:9      | Noticed a two-headed ogre
 14294 | D:9      | Killed a two-headed ogre
 14436 | D:9      | Found a broken altar of Ashenzari.
 15498 | D:11     | Found a staircase to the Orcish Mines.
 15863 | D:11     | Noticed a two-headed ogre
 15869 | D:11     | Killed a two-headed ogre
 16074 | D:11     | Found Itu Dao's Magic Scroll Shoppe.
 16342 | Lair:1   | Entered Level 1 of the Lair of Beasts
 16388 | Lair:1   | Received a gift from Sif Muna
 16389 | Lair:1   | Got Sif Muna's Grimoire of Stones and Feathers {god gift}
 16441 | Lair:1   | Gained mutation: You regenerate health from kills. [demonic
                  | ancestry]
 16441 | Lair:1   | Reached XP level 13. HP: 91/91 MP: 17/25
 16541 | Lair:1   | Reached skill level 5 in Staves
 17819 | Lair:2   | Noticed Urug
 17830 | Lair:2   | Killed Urug
 18274 | Lair:3   | Noticed Rupert
 18286 | Lair:3   | Paralysed by Rupert for 7 turns
 18335 | Lair:3   | Found a frozen archway.
 18345 | IceCv    | Entered an ice cave
 18404 | IceCv    | Reached skill level 10 in Spellcasting
 18789 | IceCv    | Noticed a frost giant
 18802 | IceCv    | Killed a frost giant
 18854 | IceCv    | Received a gift from Sif Muna
 18855 | IceCv    | Reached skill level 10 in Staves
 18855 | IceCv    | Got Riopheip's Almanac of the Igneous Rocks {god gift}
 18913 | IceCv    | Reached XP level 14. HP: 98/98 MP: 16/28
 19175 | Lair:3   | Noticed Sonja
 19185 | Lair:3   | Killed Sonja
 19442 | Lair:3   | Found a staircase to the Shoals.
 19625 | Lair:3   | Killed Rupert
 20258 | Lair:4   | Found a hole to the Spider Nest.
 20658 | Lair:5   | You fall into a shaft and drop 1 floor!
 20658 | Lair:6   | Entered Level 6 of the Lair of Beasts
 21203 | Lair:5   | Found a staircase to the Slime Pits.
 21203 | Lair:5   | Found a viscous altar of Jiyva.
 21652 | Lair:5   | Found a runed translucent door.
 21889 | Lair:5   | Upgraded the game from 0.28-a0-390-gb254ac4902 to
                  | 0.28-a0-410-gbef64dd269
 22011 | Lair:6   | Reached skill level 10 in Invocations
 22073 | Lair:5   | Learned a level 5 spell: Borgnjor's Vile Clutch
 22081 | Lair:6   | Received a gift from Sif Muna
 22082 | Lair:6   | Got Sif Muna's Tome of Enchanting Stones {god gift}
 22109 | Lair:6   | Reached skill level 1 in Necromancy
 22111 | Lair:6   | Reached skill level 1 in Earth Magic
 22249 | Lair:6   | Gained mutation: You are mostly covered in yellow scales.
                  | (AC +3) [demonic ancestry]
 22249 | Lair:6   | Reached XP level 15. HP: 105/105 MP: 29/29
 22523 | Lair:6   | Gained mutation: You have claws for hands. [demonic
                  | ancestry]
 22523 | Lair:6   | Reached XP level 16. HP: 111/111 MP: 1/30
 22599 | Lair:6   | Reached skill level 5 in Necromancy
 22897 | Lair:6   | Found a runed translucent door.
 22949 | Lair:6   | Reached skill level 5 in Earth Magic
 22956 | Lair:6   | Received a gift from Sif Muna
 22960 | Lair:6   | Got Sif Muna's Papyrus of Fiery Stones {god gift}
 23511 | Orc:1    | Entered Level 1 of the Orcish Mines
 23718 | Orc:1    | You fall into a shaft and drop 1 floor!
 23718 | Orc:2    | Entered Level 2 of the Orcish Mines
 23759 | Orc:2    | Noticed a tentacled starspawn
 23760 | Orc:2    | Noticed sanka's ghost (journeyman PaAK)
 23800 | Orc:2    | Found a transporter.
 23995 | Orc:2    | Found a transporter.
 24027 | Orc:2    | Found a one-way gate to the infinite horrors of the Abyss.
 24218 | Orc:2    | Found a staircase to the Elven Halls.
 24325 | Orc:2    | Found Ruheyn's Weapon Boutique.
 24325 | Orc:2    | Found Oczajycw's General Store.
 24327 | Orc:2    | Found Vued's Assorted Antiques.
 24327 | Orc:2    | Found Hapn's Antique Weapon Emporium.
 24341 | Orc:2    | Bought a runed wooden ring for 190 gold pieces
 25872 | D:13     | Learned a level 5 spell: Iskenderun's Battlesphere
 25874 | D:13     | Learned a level 1 spell: Magic Dart
 25966 | D:13     | Received a gift from Sif Muna
 26046 | D:13     | Got Sif Muna's Reference Book on Frigorific Conjuration
                  | {god gift}
 26251 | D:13     | Noticed Nessos
 26270 | D:13     | Killed Nessos
 26469 | D:13     | Found a gate to the Vaults.
 26993 | D:13     | Noticed Jorgrun
 27003 | D:13     | Killed Jorgrun
 27114 | D:14     | Found a hide-covered altar of Uskayaw.
 27161 | D:14     | Gained mutation: You are robust. (+10% HP) [demonic
                  | ancestry]
 27161 | D:14     | Reached XP level 17. HP: 118/138 MP: 1/31
 27466 | D:14     | You fall into a shaft and drop 1 floor!
 27466 | D:15     | Entered Level 15 of the Dungeon
 27765 | D:15     | Received a gift from Sif Muna
 27770 | D:15     | Got Sif Muna's Disquisition on Confrontation and
                  | Bewitchment {god gift}
 28681 | D:15     | Found a staircase to the Depths.
 28688 | D:15     | Reached skill level 10 in Fighting
 29057 | D:14     | Found Fidigo's Weapon Emporium.
 29565 | Spider:1 | Entered Level 1 of the Spider Nest
 29583 | Spider:1 | Reached skill level 10 in Dodging
 30802 | Spider:2 | Received a gift from Sif Muna
 30939 | Spider:2 | Got Nuheq's Compendium of Ensnaring Translocation {god
                  | gift}
 31085 | Spider:2 | Acquired the +2 pair of boots of Too Many Cooks {rElec rF-
                  | Regen+ Slay+4}
 31434 | Spider:3 | Reached skill level 10 in Conjurations
 31434 | Spider:3 | Noticed Arachne
 31462 | Spider:3 | Killed Arachne
 31896 | Spider:3 | Reached skill level 10 in Ice Magic
 31917 | Spider:3 | Gained mutation: You regenerate a lot of health from kills.
                  | [demonic ancestry]
 31917 | Spider:3 | Reached XP level 18. HP: 143/147 MP: 3/32
 32109 | Spider:3 | Received a gift from Sif Muna
 32419 | Spider:4 | Entered Level 4 of the Spider Nest
 32634 | Shoals:1 | Entered Level 1 of the Shoals
 33245 | Shoals:1 | Identified the +4 scale mail of Sophism {rF- Dex+10 Stlth+}
 33852 | Shoals:2 | Noticed Ilsuiw
 33860 | Shoals:2 | Reached ****** piety under Sif Muna
 33865 | Shoals:2 | Killed Ilsuiw
 33977 | Shoals:2 | Identified the +2 ring mail of Zin's Regard {Harm Regen+
                  | Dex+6 Slay-2}
 34152 | Shoals:2 | Noticed Polyphemus
 34176 | Shoals:2 | Received a gift from Sif Muna
 34178 | Shoals:2 | Got Sif Muna's Catalogue of Evil Attacks {god gift}
 34542 | Shoals:2 | Killed Polyphemus
 34848 | Shoals:3 | Noticed Louise
 34859 | Shoals:3 | Killed Louise
 34965 | Shoals:3 | Noticed Mara
 34976 | Shoals:3 | Noticed dankmaymays's illusion
 35972 | Spider:4 | Found a runed translucent door.
 35974 | Spider:4 | Noticed bmj180's ghost (adept DrCj)
 36106 | Spider:4 | Gained mutation: You are very robust. (+20% HP) [demonic
                  | ancestry]
 36106 | Spider:4 | Reached XP level 19. HP: 147/168 MP: 29/34
 36207 | Spider:4 | Received a gift from Sif Muna
 36208 | Spider:4 | Got Sif Muna's Papyrus of Malediction and Black Secrets
                  | {god gift}
 36442 | Spider:4 | Upgraded the game from 0.28-a0-410-gbef64dd269 to
                  | 0.28-a0-413-gde365fb1df
 36899 | Spider:4 | Got a gossamer rune of Zot
 37244 | Shoals:2 | Learned a level 5 spell: Freezing Cloud
 37283 | Shoals:3 | Reached skill level 1 in Air Magic
 37562 | Shoals:3 | Killed Mara
 37746 | Shoals:3 | Identified the +8 kite shield "Paeshrit" {rElec Stlth+}
 37746 | Shoals:3 | Noticed Donald
 37757 | Shoals:3 | Killed Donald
 37859 | Shoals:3 | Noticed Aizul
 37875 | Shoals:3 | Killed Aizul
 37876 | Shoals:3 | Reached skill level 5 in Air Magic
 37881 | Shoals:3 | HP: 6/147 [poisoned by Aizul (bolt of poison)]
 37886 | Shoals:3 | HP: 4/147 [poisoned by Aizul (bolt of poison)]
 38124 | Shoals:3 | Found Waipe's Distillery.
 38531 | Shoals:4 | Entered Level 4 of the Shoals
 38553 | Shoals:4 | Reached skill level 5 in Shields
 39012 | Shoals:4 | Got a barnacled rune of Zot
 39233 | Shoals:4 | Paralysed by an air elemental for 1 turns
 39237 | Shoals:4 | Paralysed by an air elemental for 1 turns
 39397 | Shoals:4 | Found a blossoming altar of Fedhas.
 39520 | Shoals:4 | Received a gift from Sif Muna
 39523 | Shoals:4 | Got Fefrumo's Incunabulum of the Voyage and Lightness {god
                  | gift}
 39636 | Shoals:4 | Paralysed by an air elemental for 1 turns
 39642 | Shoals:4 | Paralysed by an air elemental for 1 turns
 39751 | Shoals:4 | Found an ancient bone altar of Kikubaaqudgha.
 39769 | Shoals:4 | Paralysed by an air elemental for 1 turns
 39775 | Shoals:4 | Paralysed by an air elemental for 1 turns
 39991 | Shoals:4 | Paralysed by an air elemental for 1 turns
 40342 | Vaults:1 | Entered Level 1 of the Vaults
 40378 | Vaults:1 | Acquired the ring of Imoarrer {rF+ rC++ Will+ rCorr Str-4}
 40509 | Vaults:1 | Reached skill level 10 in Shields
 40510 | Vaults:1 | Gained mutation: When hurt, damage is shared between your
                  | health and your magic reserves. [demonic ancestry]
 40510 | Vaults:1 | Reached XP level 20. HP: 169/176 MP: 15/36
 40716 | Vaults:1 | Identified the +3 hunting sling "Girgh" {vorpal, rF+ Str+2}
 41485 | Vaults:1 | Found a huge runed gate.
 41485 | Vaults:1 | Found a huge runed gate.
 41485 | Vaults:1 | Found a huge runed gate.
 41485 | Vaults:1 | Found a huge runed gate.
 41485 | Vaults:1 | Found a huge runed gate.
 41486 | Vaults:1 | Found a huge runed gate.
 41486 | Vaults:1 | Found a huge runed gate.
 41486 | Vaults:1 | Found a huge runed gate.
 41486 | Vaults:1 | Found a huge runed gate.
 41488 | Vaults:1 | Found a huge runed gate.
 41488 | Vaults:1 | Found a huge runed gate.
 41488 | Vaults:1 | Found a huge runed gate.
 41488 | Vaults:1 | Found a huge runed gate.
 41488 | Vaults:1 | Found a huge runed gate.
 41488 | Vaults:1 | Found a huge runed gate.
 41488 | Vaults:1 | Identified the +5 long sword of Indomitability {speed,
                  | Str+7}
 41489 | Vaults:1 | Found a huge runed gate.
 41490 | Vaults:1 | Found a huge runed gate.
 41491 | Vaults:1 | Found a huge runed gate.
 41499 | Vaults:1 | Found a huge runed gate.
 41499 | Vaults:1 | Found a huge runed gate.
 41499 | Vaults:1 | Found a huge runed gate.
 41499 | Vaults:1 | Found a huge runed gate.
 41499 | Vaults:1 | Found a huge runed gate.
 41505 | Vaults:1 | Found a huge runed gate.
 41521 | Vaults:1 | Cast into level 2 of the Abyss (a wizard)
 41521 | Abyss:2  | Found a runed door.
 41522 | Abyss:2  | Found a large runed door.
 41522 | Abyss:2  | Found a large runed door.
 41808 | Abyss:3  | Gained mutation: You have hidden genetic defects. [a
                  | neqoxec]
 41873 | Abyss:3  | Lost mutation: You have hidden genetic defects. [potion of
                  | mutation]
 41873 | Abyss:3  | Gained mutation: Your muscles are strong. (Str +2) [potion
                  | of mutation]
 41873 | Abyss:3  | Gained mutation: Your movements are slightly less
                  | encumbered by armour. (ER -2) [potion of mutation]
 41891 | Abyss:3  | Found a radiant altar of Vehumet.
 41912 | Abyss:3  | Received a gift from Sif Muna
 41913 | Abyss:3  | Got Sif Muna's Papyrus of Mutagenic Confrontation {god
                  | gift}
 42299 | Abyss:3  | Paralysed by accursed screaming for 1 turns
 42437 | Vaults:1 | Escaped the Abyss
 42489 | Vaults:1 | Found a huge runed gate.
 42490 | Vaults:1 | Found a huge runed gate.
 42491 | Vaults:1 | Found a huge runed gate.
 42499 | Vaults:1 | Found a huge runed gate.
 42499 | Vaults:1 | Found a huge runed gate.
 42499 | Vaults:1 | Found a huge runed gate.
 42499 | Vaults:1 | Found a huge runed gate.
 42499 | Vaults:1 | Found a huge runed gate.
 42499 | Vaults:1 | Found a huge runed gate.
 42500 | Vaults:1 | Found a huge runed gate.
 42501 | Vaults:1 | Found a huge runed gate.
 42502 | Vaults:1 | Found a huge runed gate.
 43679 | Vaults:2 | Noticed Asterion
 43690 | Vaults:2 | Killed Asterion
 43703 | Vaults:2 | Paralysed by something for 5 turns
 43706 | Vaults:2 | HP: 4/176 [something (12)]
 43707 | Vaults:2 | HP: 1/176 [something (5)]
 43707 | Vaults:2 | Mangled by a vampire knight

Illustrated notes

Levels and vault maps discovered:
D:1:      dpeg_arrival_three_same_balls, layout_basic,
          shapermc_ecumenical_altar_mp_urbaneastern, serial_shops, shop,
          minivault_24
D:2:      layout_basic, grunt_ministairs_9, st_stairs_12, minmay_fountain_box,
          minmay_rat_hole
D:3:      layout_loops_ring, minmay_quadrilaterals, uniq_grinder, uniq_sigmund
D:4:      layout_basic, nicolae_ossuary_entry_false_entrances,
          nicolae_shop_sticking_my_neck_out, uniq_edmund
D:5:      layout_layer_cave, vehumet_crystals, minmay_temple_entry_overgrown,
          uniq_duvessa, uniq_crazy_yiuf_cottage, uniq_blork_the_orc
D:6:      layout_layer_cave, portal_sewer_entry_c, uniq_menkaure,
          uniq_prince_ribbit1
D:7:      minmay_the_grid_octo_triangle [minmay_the_grid_octo_vomiting_pacman,
          minmay_the_grid_octo_prize_ultimate_mussel_roller,
          minmay_the_grid_octo_pinwheel], layout_basic, tgw_fedhas
D:8:      layout_rooms, minmay_misc_feat_x
D:9:      layout_basic, mainiacjoe_overflow_alcove_2,
          mainiacjoe_overflow_alcove_4, david_lair_shrubbed, special_room
          [special_room_orc], enter_bailey_5, grunt_ministairs_12,
          minmay_checkerbox
D:10:     layout_rooms, serial_bayou, serial_bayou_pond_a,
          serial_bayou_crossing, serial_bayou_ford_a, serial_bayou_pond_e,
          minmay_statues_item, minmay_misc_feat_cross, minmay_misc_feat_alley
D:11:     layout_cave_pods, minmay_orc_entry_temple_small, serial_shops,
          nicolae_take_the_stairs, grunt_ministairs_3
D:12:     layout_basic
D:13:     layout_basic, david_vaults_4, minmay_nine_imps, uniq_nessos,
          uniq_jorgrun
D:14:     layout_cave_pools, basic_altar, serial_shops, kennysheep_mini
D:15:     grunt_enter_depths_snipers, layout_basic, fountainhead
Temple:   eino_narrow_crystal_temple
Lair:1:   layout_chaotic_city, minivault_25, grunt_megastairs_2,
          infiniplex_staircase_pool_2
Lair:2:   layout_cave_pods, minmay_lair_oklob_bushes, uniq_urug
Lair:3:   layout_cave_pods, minmay_shoals_entry_hut,
          portal_ice_cave_entry_pillars_2, uniq_rupert, uniq_sonja
Lair:4:   layout_loops_ring, dummy_spider_entry
Lair:5:   gammafunk_lair_enchanted_lake, layout_loops_ring, slime_altar_1,
          serial_bayou_shore_a
Lair:6:   hangedman_lair_caniforms_friends, layout_big_grid, wormcave,
          grunt_megastairs_5
Shoals:1: layout_shoals
Shoals:2: layout_shoals, uniq_polyphemus, uniq_ilsuiw
Shoals:3: cheibrodos_shoals_oceanic_diplomacy, layout_shoals, serial_shops,
          nicolae_lakefront_shop, uniq_aizul, uniq_donald, uniq_louise,
          uniq_mara
Shoals:4: shoals_end_hellmonk_storm_palace [storm_palace_center_circular,
          storm_palace_corner_altar, storm_palace_corner_altar,
          storm_palace_corner_narrow, storm_palace_corner_pillars]
Spider:1: layout_spider_delve, drop_trap
Spider:2: layout_spider_delve, nicolae_spider_cling_halls
Spider:3: layout_spider_delve, uniq_arachne
Spider:4: grunt_spider_rune_circles, gammafunk_ghost_grave
Orc:1:    layout_diamond_mine
Orc:2:    grunt_orc_tribal_feast, layout_caves, basic_altar,
          gammafunk_ghost_abyssal_escape
Vaults:1: v_misc_5, nicolae_vaults_theta, vaults_not_door_vault_mu,
          vaults_room_stairs_pillars, nicolae_vaults_little_squares_5,
          vaults_room_pools, nicolae_vaults_rhombus_6,
          grunt_vaults_hallway_short, layout_vaults_omnigrid
Vaults:2: nicolae_vaults_mini_display_case, vaults_mumra_hexcomb,
          ontoclasm_vaults_ring_large, sword_in_stone,
          ontoclasm_vaults_decontamination, hangedman_vaults_maws,
          ontoclasm_vaults_misaligned, vaults_mumra_hex, ontoclasm_vaults_eye,
          hangedman_vaults_stretched_pinwheel, ontoclasm_vaults_gateway,
          v_misc_28, v_misc_14, layout_vaults_omnibox

Skill      XL: |  1  2  3  4  5  6  7  8  9 10 11 12 13 14 15 16 17 18 19 20 |
---------------+-------------------------------------------------------------+-----
Spellcasting   | 3 4 5 6 8 10 11 12 | 12.2
Ice Magic      | 4 5 6 8 10 12 | 12.8
Conjurations   | 2 5 6 8 10 13 | 13.0
Dodging        | 3 6 9 10 | 10.0
Fighting       | 1 5 6 9 10 | 10.1
Fire Magic     | 6 8 |  8.0
Invocations    | 6 8 10 | 10.5
Evocations     | 4 5 7 |  7.8
Staves         | 1 3 4 10 12 | 12.0
Shields        | 4 10 13 | 13.5
Armour         | 2 |  2.8
Necromancy     | 3 4 7 8 |  8.0
Earth Magic    | 3 4 7 8 |  8.0
Air Magic      | 5 |  5.0
Stealth        | |  1.7

Action                   |  1- 3 |  4- 6 |  7- 9 | 10-12 | 13-15 | 16-18 | 19-21 || total
-------------------------+-------+-------+-------+-------+-------+-------+-------++-------
Melee: Unarmed           |    13 |       |       |       |       |       |       ||    13
       Staff             |    42 |    39 |   408 |   226 |   366 |   966 |   667 ||  2714
       Dagger            |     3 |       |    41 |    15 |       |       |       ||    59
       Flail             |       |       |     9 |       |       |       |       ||     9
 Cast: Freeze            |    64 |    21 |   132 |    62 |     1 |     3 |     4 ||   287
       Frozen Ramparts   |     1 |     8 |    43 |    44 |    37 |    67 |     7 ||   207
       Ozocubu's Armour  |       |     1 |    17 |     7 |    14 |    35 |    17 ||    91
       Hailstorm         |       |       |    16 |    15 |     2 |     8 |    11 ||    52
       Flame Wave        |       |       |     3 |    47 |    94 |   122 |    26 ||   292
       Conjure Flame     |       |       |     1 |    11 |       |       |       ||    12
       Lehudib's Crystal |       |       |       |       |     1 |       |       ||     1
       Borgnjor's Vile C |       |       |       |       |       |   151 |    95 ||   246
       Magic Dart        |       |       |       |       |       |    88 |    33 ||   121
       Iskenderun's Batt |       |       |       |       |       |    19 |     7 ||    26
       Freezing Cloud    |       |       |       |       |       |       |    74 ||    74
Invok: Channel Magic     |       |       |       |     2 |     2 |     5 |     1 ||    10
       Divine Exegesis   |       |       |       |       |     1 |       |       ||     1
Evoke: Wand              |       |       |       |       |       |    31 |    21 ||    52
       Condenser vane    |       |       |       |       |       |     3 |     2 ||     5
       Phial of floods   |       |       |       |       |       |     1 |     1 ||     2
  Use: Potion            |       |     5 |     3 |     1 |     2 |     3 |     5 ||    19
       Scroll            |       |       |    12 |    14 |     6 |     4 |     4 ||    40
 Stab: Sleeping          |     1 |       |     1 |     1 |     1 |     5 |       ||     9
       Petrified         |       |       |       |       |     1 |       |     2 ||     3
       Paralysed         |       |       |       |       |       |    18 |       ||    18
Armor: Leather armour    |    51 |    44 |   405 |   116 |       |       |       ||   616
       Robe              |     1 |       |       |       |       |       |       ||     1
       Steam dragon scal |       |       |       |    95 |   251 |   790 |   344 ||  1480
Dodge: Dodged            |    61 |    46 |   359 |   283 |   348 |  1130 |   396 ||  2623
Block: Buckler           |       |       |       |   152 |   163 |   535 |   145 ||   995
       Kite shield       |       |       |       |       |       |       |   279 ||   279

Table legend: (Time is in decaauts)
 A = Elapsed time spent in this place.
 B = Non-inter-level travel time spent in this place.
 C = Inter-level travel time spent in this place.
 D = Time resting spent in this place.
 E = Time spent auto-exploring this place.
 F = Levels seen in this place.
 G = Mean time per level.
                   A        B        C        D        E       F      G
               +--------+--------+--------+--------+--------+-----+--------+
         Total |  43400 |  40412 |   2988 |   2907 |  26467 |  40 | 1085.0 |
       Dungeon |  18095 |  17043 |   1052 |    797 |  12504 |  15 | 1206.3 |
        Temple |    356 |    321 |     35 |    206 |    105 |   1 |  356.0 |
          Lair |   6651 |   5841 |    810 |    185 |   4247 |   6 | 1108.5 |
        Shoals |   5217 |   4942 |    275 |    443 |   3060 |   4 | 1304.2 |
   Spider Nest |   4949 |   4435 |    514 |    368 |   2710 |   4 | 1237.2 |
  Orcish Mines |   1447 |   1205 |    242 |      7 |    707 |   2 |  723.5 |
        Vaults |   2379 |   2322 |     57 |    339 |   1358 |   2 | 1189.5 |
         Abyss |    853 |    853 |      0 |    108 |    306 |   2 |  426.5 |
         Sewer |    695 |    695 |      0 |      0 |    567 |   1 |  695.0 |
       Ossuary |   1655 |   1655 |      0 |    378 |    560 |   1 | 1655.0 |
        Bailey |    398 |    398 |      0 |     76 |     26 |   1 |  398.0 |
      Ice Cave |    699 |    699 |      0 |      0 |    316 |   1 |  699.0 |
               +--------+--------+--------+--------+--------+-----+--------+

Top non-repeatable levels by time:
     D:5: 2368 daAuts
Vaults:1: 2091 daAuts
     D:7: 1872 daAuts
 Ossuary: 1655 daAuts
     D:3: 1539 daAuts
Spider:3: 1519 daAuts
Shoals:4: 1503 daAuts
  Lair:6: 1489 daAuts
Spider:1: 1466 daAuts
    D:15: 1426 daAuts
    D:11: 1406 daAuts
Shoals:3: 1388 daAuts
Spider:4: 1336 daAuts
     D:6: 1293 daAuts
    D:13: 1291 daAuts
